[Event "O2C Doeberl Cup 2019"]
[Site "Canberra"]
[Date "2019.04.18"]
[Round "1.5"]
[White "Ikeda, Junta"]
[Black "Lo, Willis"]
[Result "1-0"]
[ECO "E20"]
[WhiteElo "2441"]
[BlackElo "2072"]
[Annotator "ChessBase"]
[PlyCount "27"]
[EventDate "2019.04.17"]
[EventType "swiss"]
[EventCountry "AUS"]
[SourceTitle "playchess.com"]
[Source "ChessBase"]
[SourceQuality "1"]
[TimeControl "5400+30"]

1. d4 e6 2. c4 Nf6 3. Nc3 d5 4. g3 dxc4 5. Bg2 Bb4 6. Nf3 c5 7. O-O Nc6 8. Ne5 Nxe5 9. dxe5 Bxc3 10. bxc3 Qxd1 11. Rxd1 Nd5 12. Bd2 Bd7 13. e4 Ne7 14. f3 1-0

[Event "O2C Doeberl Cup 2019"]
[Site "Canberra"]
[Date "2019.04.18"]
[Round "1.6"]
[White "Wang, Kayson"]
[Black "Johansen, Darryl K"]
[Result "0-1"]
[ECO "E00"]
[WhiteElo "2020"]
[BlackElo "2364"]
[Annotator "NA"]
[PlyCount "60"]
[EventDate "2019.04.17"]
[EventType "swiss"]
[EventCountry "AUS"]
[SourceTitle "playchess.com"]
[Source "ChessBase"]
[SourceQuality "1"]
[TimeControl "5400+30"]

1. d4 e6 2. c4 Nf6 3. g3 Bb4+ 4. Bd2 Qe7 5. Bg2 Nc6 6. a3 Bxd2+ {[%emt 0:00:09] E00: Catalan Bogo-Indian (3 g3 Bb4+)} 7. Qxd2 O-O 8. Nc3 (8. e3 d6 9. Ne2 e5 10. O-O Re8 11. d5 Nb8 12. e4 a5 13. Nbc3 Na6 14. b4 {½-½ (24) Svane,R (2595)-Anand,V (2771) Douglas 2018}) 8... d6 {[%emt 0:00:13] White has an edge.} 9. e3 e5 {[%emt 0:17:04] next ...exd4 is good for Black.} 10. Nge2 exd4 $146 ({Predecessor:} 10... a5 11. O-O e4 12. Nf4 Bf5 13. Ncd5 Nxd5 14. Nxd5 {1-0 (38) Antunes,L (2123)-Piccoli,L (1904) Florianopolis 2017}) 11. exd4 Na5 {[%emt 0:03:02] Strongly threatening ...Nb3.} 12. Nd5 Nxd5 13. Qxa5 Nf6 14. b3 c5 15. dxc5 dxc5 16. Ra2 b6 17. Qc3 Bb7 18. O-O Rad8 19. Nf4 Bxg2 20. Nxg2 Qd6 21. Re2 Qd3 22. Qxd3 Rxd3 23. Re3 Rfd8 24. Rfe1 Kf8 25. h3 Rxe3 26. Rxe3 Rd1+ 27. Re1 Rd2 28. Re3 Ra2 29. a4 g5 30. Ne1 Rb2 {[%emt 0:01:58] Accuracy: White = 74%, Black = 68%.} 0-1

[Event "O2C Doeberl Cup 2019"]
[Site "Canberra"]
[Date "2019.04.18"]
[Round "1.7"]
[White "Padmini, Rout"]
[Black "Zhong, Tony"]
[Result "1-0"]
[ECO "A30"]
[WhiteElo "2364"]
[BlackElo "2017"]
[Annotator "NA"]
[PlyCount "50"]
[EventDate "2019.04.17"]
[EventType "swiss"]
[EventCountry "AUS"]
[SourceTitle "playchess.com"]
[Source "ChessBase"]
[SourceQuality "1"]
[TimeControl "5400+30"]

1. Nf3 Nf6 2. g3 b6 3. Bg2 Bb7 4. O-O c5 5. c4 e6 6. b3 a6 7. Bb2 d6 8. d3 Be7 9. Nc3 O-O 10. e3 Nbd7 11. Qe2 {[%emt 0:03:25] A30: Symmetrical English: Double Fianchetto and Hedgehog} Rc8 (11... Re8 12. Rad1 b5 13. Ne1 Bxg2 14. Nxg2 d5 15. g4 g6 16. f4 d4 17. exd4 cxd4 18. Ne4 e5 {0-1 (53) Hambleton,A (2479)-Sargissian,G (2652) Douglas 2017}) 12. h3 $146 ({Predecessor:} 12. Rad1 Rc7 13. Ne1 Qa8 14. f4 Bxg2 15. Nxg2 d5 16. e4 d4 17. Nb1 e5 18. Nd2 Re8 {½-½ (77) Cuenca Jimenez,J (2506)-Rios,C (2436) Panama City 2017}) 12... Qc7 13. e4 Nb8 14. Ne1 Nc6 15. Nc2 Nd4 16. Nxd4 (16. Qd2 {feels hotter.} Nd7 17. f4 h6 18. Ne3 b5 19. Ne2) 16... cxd4 17. Nb1 e5 18. Nd2 g6 19. b4 Nh5 20. Bf3 Ng7 21. Nb3 a5 22. a3 Ne6 23. Bg2 axb4 24. axb4 Ra8 25. f4 {[%emt 0:01:02] Hoping for f5.} Rxa1 {[%emt 0:00:23] Accuracy: White = 38%, Black = 53%.} 1-0

[Event "O2C Doeberl Cup 2019"]
[Site "Canberra"]
[Date "2019.04.18"]
[Round "1.8"]
[White "Prasad, Lalit"]
[Black "Tao, Trevor"]
[Result "0-1"]
[ECO "A04"]
[WhiteElo "2005"]
[BlackElo "2364"]
[Annotator "NA"]
[PlyCount "36"]
[EventDate "2019.04.17"]
[EventType "swiss"]
[EventCountry "AUS"]
[SourceTitle "playchess.com"]
[Source "ChessBase"]
[SourceQuality "1"]
[TimeControl "5400+30"]

1. Nf3 e6 2. g3 b5 3. a4 (3. Bg2 Bb7 4. O-O c5 5. d3 Nf6 6. e4 d6 7. Nfd2 Nc6 8. a4 b4 9. Nc4 Be7 10. Re1 O-O 11. Nbd2 Qc7 12. Nb3 Rad8 13. Bf4 Qc8 14. c3 bxc3 15. bxc3 {1-0 (40) Grischuk,A (2771)-Geller,J (2518) St Petersburg 2018}) 3... b4 4. Bg2 Bb7 5. O-O f5 $146 ({Predecessor:} 5... Nf6 6. d3 d5 7. a5 Be7 8. c3 Na6 9. Qa4+ c6 10. Bg5 Rb8 11. Nd4 Qd7 12. cxb4 Ba8 13. b5 cxb5 14. Qd1 {1-0 (35) Kurajica,B (2516)-Bistric,F (2346) Sarajevo 2018}) 6. d3 {[%emt 0:00:00] A04: Unusual lines after 1 Nf3 and King's Indian Attack} Nf6 7. e4 fxe4 8. Ng5 {[%emt 0:00:00] White has an edge.} Nc6 9. a5 Rb8 10. Nd2 ({White should try} 10. a6 $14 Bc8 11. Be3 (11. Nxe4 d5 $11)) 10... exd3 $15 11. Nde4 Be7 12. f4 Nd4 13. Qxd3 Nf5 14. Bd2 O-O 15. Nxf6+ gxf6 16. Bxb7 Rxb7 ({Much worse is} 16... fxg5 $6 17. Bf3 $11) 17. Qe4 Rb5 18. Nf3 Qa8 {[%emt 0:00:30] Accuracy: White = 35%, Black = 64%.} 0-1

[Event "O2C Doeberl Cup 2019"]
[Site "Canberra"]
[Date "2019.04.18"]
[Round "2.1"]
[White "Lane, Gary W"]
[Black "Melkumyan, Hrant"]
[Result "1/2-1/2"]
[ECO "C07"]
[WhiteElo "2357"]
[BlackElo "2658"]
[Annotator "ChessBase"]
[PlyCount "150"]
[EventDate "2019.04.17"]
[EventType "swiss"]
[EventCountry "AUS"]
[SourceTitle "playchess.com"]
[Source "ChessBase"]
[SourceQuality "1"]
[TimeControl "5400+30"]

1. e4 e6 2. d4 d5 3. Nd2 c5 4. exd5 Qxd5 5. dxc5 Bxc5 6. Ngf3 Nf6 7. Bc4 Qc6 8. Qe2 O-O 9. O-O a6 10. a4 Nbd7 11. Nb3 Bd6 12. Nbd4 Qc7 13. Bg5 Nb6 14. Bd3 Nbd5 15. Rfe1 Bd7 16. c3 h6 17. Bxf6 Nxf6 18. Ne5 Rfd8 19. f4 Bc5 20. Bc2 Be8 21. Rad1 Rac8 22. Qf2 Qb6 23. Re2 Bxd4 24. Rxd4 Rxd4 25. Qxd4 Qxd4+ 26. cxd4 Nd5 27. g3 Kf8 28. Kf2 Nb4 29. Be4 Bxa4 30. Bxb7 Rc7 31. Be4 Bb5 32. Rd2 Rc1 33. g4 Rf1+ 34. Kg3 Re1 35. Kf3 Ke7 36. f5 Nd5 37. Bxd5 exd5 38. Nd3 Rf1+ 39. Kg2 Rb1 40. Nf4 Bc4 41. h4 Re1 42. g5 hxg5 43. hxg5 Kd6 44. Nh5 g6 45. fxg6 fxg6 46. Nf4 Re8 47. Kg3 a5 48. Rh2 Re3+ 49. Kg4 Bd3 50. Nxd3 Rxd3 51. Rh6 Rxd4+ 52. Kf3 Rd3+ 53. Kf4 Rd4+ 54. Kf3 Ke5 55. Rxg6 Rf4+ 56. Ke3 d4+ 57. Kd3 Rf3+ 58. Kc4 Rf1 59. Ra6 Rc1+ 60. Kd3 Rd1+ 61. Kc2 Rg1 62. Kd3 Rg3+ 63. Kc4 Rg1 64. Kd3 Rd1+ 65. Kc2 Rh1 66. Kd3 Rh3+ 67. Kc4 Rh2 68. Kd3 Rh3+ 69. Kc4 Rh1 70. Ra8 Rc1+ 71. Kd3 Rd1+ 72. Kc2 Rg1 73. Kd3 Rd1+ 74. Kc2 Rg1 75. Kd3 Rd1+ 1/2-1/2

[Event "O2C Doeberl Cup 2019"]
[Site "Canberra"]
[Date "2019.04.18"]
[Round "2.2"]
[White "Smirnov, Anton"]
[Black "Solomon, Stephen J"]
[Result "1-0"]
[ECO "E06"]
[WhiteElo "2567"]
[BlackElo "2338"]
[Annotator "ChessBase"]
[PlyCount "135"]
[EventDate "2019.04.17"]
[EventType "swiss"]
[EventCountry "AUS"]
[SourceTitle "playchess.com"]
[Source "ChessBase"]
[SourceQuality "1"]
[TimeControl "5400+30"]

1. d4 d5 2. c4 e6 3. Nf3 Nf6 4. Nc3 Be7 5. g3 O-O 6. Bg2 dxc4 7. Ne5 c5 8. dxc5 Qxd1+ 9. Nxd1 Bxc5 10. Nc3 Nc6 11. Nxc4 Bd7 12. O-O Rac8 13. Bf4 Rfd8 14. Rfd1 e5 15. Bg5 h6 16. Bxf6 gxf6 17. Nd6 Bxd6 18. Rxd6 Be6 19. Rad1 Rxd6 20. Rxd6 Kf8 21. Bxc6 bxc6 22. Rd2 Ke7 23. e3 f5 24. f4 f6 25. Kg2 h5 26. Kh3 c5 27. Kh4 e4 28. a3 Rb8 29. Na4 Rc8 30. Rc2 Bb3 31. Rxc5 Rxc5 32. Nxc5 Bd1 33. g4 hxg4 34. Nb7 Ke6 35. Na5 Kd5 36. b4 a6 37. Kg3 Bc2 38. Kf2 Bd3 39. Ke1 Ke6 40. Nb3 Kf7 41. Nd4 Kg6 42. Kf2 Bb5 43. Ne2 Kf7 44. Nc3 Bc4 45. Kg2 Ke6 46. h4 gxh3+ 47. Kxh3 Kd6 48. Kg3 Kc6 49. Kf2 Kb6 50. Ke1 a5 51. Kd2 axb4 52. axb4 Kc6 53. Kc2 Kb6 54. Kb2 Kc6 55. Ka3 Kb6 56. Ka4 Be6 57. Ne2 Bd7+ 58. Kb3 Be6+ 59. Kc3 Bc8 60. Nd4 Kc7 61. Kc4 Kd6 62. Nb5+ Ke7 63. Kc5 Ba6 64. Nd4 Bd3 65. Kc6 Kd8 66. Nxf5 Kc8 67. Ne7+ Kb8 68. Nd5 1-0

[Event "O2C Doeberl Cup 2019"]
[Site "Canberra"]
[Date "2019.04.18"]
[Round "2.3"]
[White "Song, Raymond"]
[Black "Sengupta, Deep"]
[Result "1/2-1/2"]
[ECO "B15"]
[WhiteElo "2329"]
[BlackElo "2551"]
[Annotator "ChessBase"]
[PlyCount "156"]
[EventDate "2019.04.17"]
[EventType "swiss"]
[EventCountry "AUS"]
[SourceTitle "playchess.com"]
[Source "ChessBase"]
[SourceQuality "1"]
[TimeControl "5400+30"]

1. e4 c6 2. d4 d5 3. Nd2 dxe4 4. Nxe4 Nf6 5. Nxf6+ exf6 6. c3 Bd6 7. Bd3 O-O 8. Qc2 Re8+ 9. Ne2 h5 10. O-O h4 11. Bf4 Be6 12. h3 Qc7 13. Qd2 Nd7 14. Bxd6 Qxd6 15. Qf4 Qxf4 16. Nxf4 Nb6 17. Rfe1 Bc4 18. Bxc4 Nxc4 19. Nd3 f5 20. b3 Na3 21. Kf1 Nb5 22. Rac1 f6 23. a4 Nd6 24. f3 g5 25. Rxe8+ Rxe8 26. Re1 Kf7 27. Rxe8 Kxe8 28. Ke2 f4 29. Ne1 Nf5 30. Nc2 Kd7 31. Kd3 Ng3 32. b4 Nf1 33. Ke2 Ng3+ 34. Kd3 Nf1 35. c4 Ke6 36. b5 Kd7 37. c5 f5 38. bxc6+ bxc6 39. a5 Kc7 40. a6 Kd7 41. Ke2 Ng3+ 42. Kd2 Nf1+ 43. Kd3 Kc7 44. Ke2 Ng3+ 45. Ke1 Nh5 46. Nb4 Ng7 47. Kd2 Ne6 48. Kc3 g4 49. d5 gxh3 50. gxh3 cxd5 51. Nxd5+ Kc6 52. Kc4 Nxc5 53. Ne7+ Kb6 54. Nc8+ Kc7 55. Kxc5 Kxc8 56. Kd6 Kd8 57. Ke5 Kc7 58. Kxf5 Kb6 59. Kxf4 Kxa6 60. Kg5 Kb5 61. f4 a5 62. f5 a4 63. f6 a3 64. f7 a2 65. f8=Q a1=Q 66. Qf5+ Kc6 67. Kxh4 Kd6 68. Kg5 Ke7 69. Kg6 Qa6+ 70. Kh7 Qf6 71. Qg4 Qf7+ 72. Qg7 Ke6 73. Qxf7+ Kxf7 74. h4 Kf8 75. h5 Kf7 76. h6 Kf8 77. Kh8 Kf7 78. h7 Kf8 1/2-1/2

[Event "O2C Doeberl Cup 2019"]
[Site "Canberra"]
[Date "2019.04.18"]
[Round "2.4"]
[White "Kunte, Abhijit"]
[Black "Richards, Heather S"]
[Result "1/2-1/2"]
[ECO "A49"]
[WhiteElo "2485"]
[BlackElo "2240"]
[Annotator "ChessBase"]
[PlyCount "67"]
[EventDate "2019.04.17"]
[EventType "swiss"]
[EventCountry "AUS"]
[SourceTitle "playchess.com"]
[Source "ChessBase"]
[SourceQuality "1"]
[TimeControl "5400+30"]

1. Nf3 d6 2. d4 Nf6 3. g3 g6 4. Bg2 Bg7 5. O-O c6 6. b3 O-O 7. Bb2 Qc7 8. Nbd2 Nbd7 9. a4 b6 10. e4 e5 11. c3 Bb7 12. Re1 a6 13. Qc2 b5 14. dxe5 dxe5 15. c4 bxa4 16. Rxa4 Rfe8 17. c5 Bf8 18. Ba3 a5 19. Qc3 Ra7 20. Ra1 Rea8 21. Ne1 Rd8 22. Nd3 Ba6 23. Qxa5 Qxa5 24. Rxa5 Nb8 25. Bf1 Re7 26. Nb4 Bxf1 27. Nxf1 Nxe4 28. Re1 f5 29. Nc2 Bh6 30. b4 Kf7 31. Bc1 Bxc1 32. Rxc1 Nc3 33. Kg2 f4 34. Ne1 1/2-1/2

[Event "O2C Doeberl Cup 2019"]
[Site "Canberra"]
[Date "2019.04.18"]
[Round "2.5"]
[White "Puccini, Jack"]
[Black "Ikeda, Junta"]
[Result "1-0"]
[ECO "B99"]
[WhiteElo "2261"]
[BlackElo "2441"]
[Annotator "NA"]
[PlyCount "95"]
[EventDate "2019.04.17"]
[EventType "swiss"]
[EventCountry "AUS"]
[SourceTitle "playchess.com"]
[Source "ChessBase"]
[SourceQuality "1"]
[TimeControl "5400+30"]

1. e4 c5 2. Nf3 d6 3. d4 cxd4 4. Nxd4 Nf6 5. Nc3 a6 6. Bg5 Nbd7 7. f4 e6 8. Qf3 Be7 9. O-O-O Qc7 10. f5 e5 11. Nde2 b5 12. Bxf6 Nxf6 13. Nd5 Nxd5 14. exd5 Bd7 15. Ng3 O-O 16. h4 b4 17. Bd3 a5 18. Kb1 Qb6 19. h5 h6 20. f6 Bxf6 21. Qe4 Rfb8 22. Qh7+ Kf8 23. Ne4 Ke7 24. Nxf6 gxf6 25. Bg6 Rf8 26. Rhf1 f5 27. Qxh6 fxg6 28. hxg6 Qd8 29. Qh7+ Kf6 30. Rh1 Rh8 31. Qf7+ Kg5 32. g7 Rxh1 33. Rxh1 Kf4 34. Qh5 e4 35. Qh2+ Ke3 36. Qxd6 Qg5 37. Qxd7 Qxg2 38. Rd1 Ke2 39. Rc1 Rg8 40. Qxf5 Rxg7 41. d6 Rg5 42. Qc8 Qg1 43. b3 Qe3 44. Qc4+ Kf3 45. Qf7+ Kg2 46. Qf1+ Kg3 47. Qg1+ Kf4 48. Rf1+ 1-0

[Event "O2C Doeberl Cup 2019"]
[Site "Canberra"]
[Date "2019.04.18"]
[Round "2.6"]
[White "Johansen, Darryl K"]
[Black "Maguire, Tom"]
[Result "1-0"]
[ECO "A35"]
[WhiteElo "2364"]
[BlackElo "2125"]
[Annotator "NA"]
[PlyCount "81"]
[EventDate "2019.04.17"]
[EventType "swiss"]
[EventCountry "AUS"]
[SourceTitle "playchess.com"]
[Source "ChessBase"]
[SourceQuality "1"]
[TimeControl "5400+30"]

1. c4 c5 2. Nf3 Nf6 3. Nc3 Nc6 4. e3 g6 5. d4 cxd4 6. exd4 d5 7. cxd5 Nxd5 8. Qb3 Nxc3 9. Bc4 e6 10. bxc3 Bg7 11. Ba3 Bf8 12. Bb5 Bd7 13. Bxf8 Kxf8 14. O-O Kg7 15. Bd3 Na5 16. Qb4 Bc6 17. Ne5 Rc8 18. Rfd1 b6 19. Bf1 Bb7 20. c4 Nc6 21. Qb2 Nxe5 22. dxe5 Qe7 23. Rd6 Rc7 24. a4 Qg5 25. a5 Rxc4 26. axb6 axb6 27. g3 Rhc8 28. Bxc4 Rxc4 29. Rxb6 Be4 30. Rb4 Rc2 31. Qa3 Qd2 32. Rf1 Bc6 33. Rb8 Kh6 34. Qf8+ Kh5 35. Qxf7 h6 36. Qf6 Qd4 37. h3 Rc4 38. g4+ Qxg4+ 39. hxg4+ Rxg4+ 40. Kh2 g5 41. f3 1-0

[Event "O2C Doeberl Cup 2019"]
[Site "Canberra"]
[Date "2019.04.18"]
[Round "2.7"]
[White "Hu, Jason"]
[Black "Padmini, Rout"]
[Result "0-1"]
[ECO "E04"]
[WhiteElo "2132"]
[BlackElo "2364"]
[Annotator "NA"]
[PlyCount "72"]
[EventDate "2019.04.17"]
[EventType "swiss"]
[EventCountry "AUS"]
[SourceTitle "playchess.com"]
[Source "ChessBase"]
[SourceQuality "1"]
[TimeControl "5400+30"]

1. d4 e6 2. Nf3 c5 3. g3 Nf6 4. Bg2 d5 5. O-O Nbd7 6. c4 dxc4 7. Na3 Be7 8. dxc5 Bxc5 9. Nxc4 O-O 10. Be3 Bxe3 11. Nxe3 Qe7 12. Rc1 g6 13. Qd4 e5 14. Nd5 Nxd5 15. Qxd5 e4 16. Ng5 Nf6 17. Qc5 Re8 18. Rfd1 Bf5 19. Qxe7 Rxe7 20. Bh3 h6 21. Bxf5 hxg5 22. Bh3 Kg7 23. e3 g4 24. Bg2 Nh7 25. Rd5 Ng5 26. Rxg5 f5 27. Rc4 Rae8 28. Bf1 Kf6 29. Rxg4 fxg4 30. Be2 Kg5 31. Bd1 Rd8 32. Rc5+ Kh6 33. Bxg4 Rd2 34. Rb5 Rf7 35. f4 exf3 36. e4 Rc7 0-1

[Event "O2C Doeberl Cup 2019"]
[Site "Canberra"]
[Date "2019.04.18"]
[Round "2.8"]
[White "Tao, Trevor"]
[Black "Yang, Ray"]
[Result "1-0"]
[ECO "D00"]
[WhiteElo "2364"]
[BlackElo "2112"]
[Annotator "NA"]
[PlyCount "65"]
[EventDate "2019.04.17"]
[EventType "swiss"]
[EventCountry "AUS"]
[SourceTitle "playchess.com"]
[Source "ChessBase"]
[SourceQuality "1"]
[TimeControl "5400+30"]

1. d4 d5 2. Bf4 c5 3. e3 Nf6 4. c3 Bf5 5. dxc5 Nc6 6. Nf3 e6 7. b4 a5 8. Bb5 axb4 9. cxb4 Nd7 10. Qb3 Be7 11. O-O Bf6 12. Nc3 O-O 13. Bd6 Re8 14. a4 Na7 15. Bxd7 Qxd7 16. Be5 Be7 17. Bg3 Bf6 18. Nd4 Bd3 19. Rfd1 Bc4 20. Qc2 Nc6 21. Rab1 Qc8 22. Ncb5 Nxd4 23. exd4 Bxb5 24. axb5 b6 25. h3 Qd7 26. cxb6 Qxb5 27. Qc5 Qd7 28. b5 Rac8 29. Bc7 Bd8 30. Rdc1 Re7 31. b7 Rxc7 32. b8=Q Rxc5 33. dxc5 1-0

[Event "O2C Doeberl Cup 2019"]
[Site "Canberra"]
[Date "2019.04.19"]
[Round "3.1"]
[White "Tao, Trevor"]
[Black "Smirnov, Anton"]
[Result "1/2-1/2"]
[ECO "A28"]
[WhiteElo "2364"]
[BlackElo "2567"]
[Annotator "RC"]
[PlyCount "74"]
[EventDate "2019.04.17"]
[EventType "swiss"]
[EventCountry "AUS"]
[SourceTitle "playchess.com"]
[Source "ChessBase"]
[SourceQuality "1"]
[TimeControl "5400+30"]

1. c4 e5 2. Nc3 Nf6 3. Nf3 Nc6 4. e4 Bb4 5. d3 d6 6. Be2 h6 7. O-O Bxc3 8. bxc3 O-O 9. Ne1 Nh7 10. Nc2 Ne7 11. f4 exf4 12. Bxf4 f5 13. exf5 Nxf5 14. Rb1 Rb8 15. Bf3 Nf6 16. Nb4 Bd7 17. Nd5 Bc6 18. Qe1 Nxd5 19. cxd5 Bd7 20. Rb4 Qf6 21. Be4 Ne7 22. Rf2 Bf5 23. Be3 b6 24. Bxf5 Nxf5 25. Re4 Qg6 26. Bd2 Rf6 27. c4 Rbf8 28. Bc3 R6f7 29. Ref4 Ne7 30. Rxf7 Rxf7 31. Qe6 Kf8 32. Qxg6 Nxg6 33. g3 Rxf2 34. Kxf2 Kf7 35. Ke3 Nf8 36. Kf4 Nd7 37. Bd4 Nf8 1/2-1/2

[Event "O2C Doeberl Cup 2019"]
[Site "Canberra"]
[Date "2019.04.19"]
[Round "3.2"]
[White "McClymont, Brodie"]
[Black "Johansen, Darryl K"]
[Result "0-1"]
[ECO "B56"]
[WhiteElo "2360"]
[BlackElo "2364"]
[Annotator "ChessBase"]
[PlyCount "42"]
[EventDate "2019.04.17"]
[EventType "swiss"]
[EventCountry "AUS"]
[SourceTitle "playchess.com"]
[Source "ChessBase"]
[SourceQuality "1"]
[TimeControl "5400+30"]

1. e4 c5 2. Nf3 d6 3. d4 cxd4 4. Nxd4 Nf6 5. Nc3 Bd7 6. Bg5 e6 7. Ndb5 Bc6 8. Bxf6 gxf6 9. Qh5 a6 10. Nd4 Qb6 11. Nxe6 Qxb2 12. Kd2 Qxa1 13. Nc7+ Kd8 14. Nxa8 Nd7 15. Qa5+ Ke7 16. Nc7 Bh6+ 17. Ke2 Rc8 18. N3d5+ Bxd5 19. Nxd5+ Kf8 20. Kf3 f5 21. exf5 Qe5 0-1

[Event "O2C Doeberl Cup 2019"]
[Site "Canberra"]
[Date "2019.04.19"]
[Round "3.3"]
[White "Padmini, Rout"]
[Black "Xie, George Wendi"]
[Result "1-0"]
[ECO "A05"]
[WhiteElo "2364"]
[BlackElo "2359"]
[Annotator "ChessBase"]
[PlyCount "57"]
[EventDate "2019.04.17"]
[EventType "swiss"]
[EventCountry "AUS"]
[SourceTitle "playchess.com"]
[Source "ChessBase"]
[SourceQuality "1"]
[TimeControl "5400+30"]

1. Nf3 Nf6 2. g3 c5 3. Bg2 b6 4. Ne5 d5 5. c4 Qd6 6. d4 cxd4 7. Qxd4 Nbd7 8. Nxd7 Bxd7 9. cxd5 e5 10. Qd3 Qb4+ 11. Nc3 Bc5 12. O-O O-O 13. a3 Qd4 14. Qc2 Qc4 15. Bg5 Rac8 16. Bxf6 gxf6 17. Be4 Bd4 18. Rac1 Bxc3 19. bxc3 Kg7 20. Rfd1 Ba4 21. Qb1 Bxd1 22. Rxd1 Qxe2 23. Bd3 Qf3 24. c4 f5 25. d6 e4 26. Qb2+ Kg6 27. Be2 Rxc4 28. Bxf3 exf3 29. Qb3 1-0

[Event "O2C Doeberl Cup 2019"]
[Site "Canberra"]
[Date "2019.04.19"]
[Round "3.6"]
[White "Song, Raymond"]
[Black "Kunte, Abhijit"]
[Result "1-0"]
[ECO "B41"]
[WhiteElo "2329"]
[BlackElo "2485"]
[Annotator "ChessBase"]
[PlyCount "91"]
[EventDate "2019.04.17"]
[EventType "swiss"]
[EventCountry "AUS"]
[SourceTitle "playchess.com"]
[Source "ChessBase"]
[SourceQuality "1"]
[TimeControl "5400+30"]

1. e4 c5 2. Nf3 e6 3. d4 cxd4 4. Nxd4 a6 5. c4 Nf6 6. Nc3 Qc7 7. a3 b6 8. Be3 Bb7 9. f3 Be7 10. Rc1 O-O 11. Be2 d6 12. O-O Nbd7 13. b4 Rac8 14. Qd2 Qb8 15. Kh1 Rfe8 16. Rc2 h5 17. Bf2 Ne5 18. Na4 Nfd7 19. Rfc1 h4 20. h3 Ng6 21. Nb3 Bc6 22. b5 Ba8 23. bxa6 Qa7 24. Rb2 Nge5 25. Na5 Rb8 26. Rcb1 Nc5 27. Nxb6 Qxa6 28. Nd5 Bg5 29. Qxg5 Rxb2 30. Nf6+ Kf8 31. Rxb2 gxf6 32. Qd2 Ng6 33. Rb5 Kg7 34. Bf1 e5 35. Qb4 Qc8 36. Nb3 Bc6 37. Ra5 f5 38. exf5 Qxf5 39. Nxc5 dxc5 40. Rxc5 Bxf3 41. Kg1 Be4 42. Qe1 Re6 43. Bxh4 Nf4 44. Kh2 Nxh3 45. gxh3 Rg6 46. Qd1 1-0

[Event "O2C Doeberl Cup 2019"]
[Site "Canberra"]
[Date "2019.04.19"]
[Round "3.8"]
[White "Goh, Ethan"]
[Black "Lane, Gary W"]
[Result "0-1"]
[ECO "A89"]
[WhiteElo "1871"]
[BlackElo "2357"]
[Annotator "NA"]
[PlyCount "106"]
[EventDate "2019.04.17"]
[EventType "swiss"]
[EventCountry "AUS"]
[SourceTitle "playchess.com"]
[Source "ChessBase"]
[SourceQuality "1"]
[TimeControl "5400+30"]

1. d4 f5 2. g3 Nf6 3. Bg2 g6 4. Nf3 Bg7 5. O-O O-O 6. c4 d6 7. Nc3 Nc6 8. d5 Na5 9. Nd2 c5 10. a3 Bd7 11. Rb1 {[%emt 0:02:15] A89: Dutch Defence: Leningrad System: 5 Nf3 0-0 6 0-0 d6 7 Nc3 Nc6} Rc8 (11... a6 12. Qc2 Qc7 13. b3 b5 14. Bb2 Rab8 15. e3 Kh8 16. Ne2 bxc4 17. bxc4 g5 18. Bc3 h6 {1-0 (38) Batchuluun,T (2513)-Ebeling,D (2468) Baku 2016}) 12. e3 $146 ({Predecessor:} 12. b3 a6 13. a4 Rb8 14. Qc2 b5 15. axb5 axb5 16. cxb5 Bxb5 17. b4 cxb4 18. Rxb4 Bd7 {½-½ (37) Zierke,O (2300)-Papenbrock,V (2188) Corfu 2007}) 12... a6 (12... e5 $11) 13. Qe2 Qe8 14. Re1 b5 15. b3 Rb8 16. b4 cxb4 17. axb4 Nxc4 18. Nxc4 Rc8 19. Nxd6 exd6 20. Bd2 Ng4 21. Rb3 Rc7 22. f4 (22. Rc1 $142) 22... Qc8 23. Qd3 Re8 24. Bf3 Nf6 25. Kg2 {[%emt 0:00:15] [#]} ({Better is} 25. Qb1 $15) 25... Rc4 (25... Ne4 $142 $1 26. Ne2 (26. Nxe4 fxe4) 26... Nxd2 27. Qxd2 Rc2) 26. Ra1 {[%emt 0:05:47] [#]} (26. Ne2 $17) 26... Ne4 $1 27. Raa3 {[%emt 0:00:16] [#]} a5 $1 28. Ne2 a4 29. Rb1 Nxd2 30. Qxd2 Rc2 31. Qd3 {[%emt 0:01:24] [#]} Bb2 (31... Re4 $142 $1 32. Kh3 (32. Bxe4 fxe4) 32... Bb2) 32. Ra2 a3 $1 33. Rxa3 Bxa3 34. Qxa3 Qc4 35. Kf2 Ra2 36. Qb3 Rc8 37. Qd1 Qc2 38. Qe1 Rc4 39. h4 h5 $19 40. Ra1 Qa4 41. Rb1 Qa3 42. Qd1 Qa4 43. Qe1 Qa3 44. Qd1 Rxb4 45. Rc1 Rc4 46. Rxc4 bxc4 47. Qd4 Qc5 48. Qf6 Be8 49. Qe7 Bf7 50. Kg1 c3 51. Qd8+ Kg7 52. Nd4 c2 53. Nxf5+ Kh7 0-1

[Event "O2C Doeberl Cup 2019"]
[Site "Canberra"]
[Date "2019.04.19"]
[Round "4.2"]
[White "Smirnov, Anton"]
[Black "Lane, Gary W"]
[Result "1-0"]
[ECO "C70"]
[WhiteElo "2567"]
[BlackElo "2357"]
[Annotator "RC"]
[PlyCount "77"]
[EventDate "2019.04.17"]
[EventType "swiss"]
[EventCountry "AUS"]
[SourceTitle "playchess.com"]
[Source "ChessBase"]
[SourceQuality "1"]
[TimeControl "5400+30"]

1. e4 e5 2. Nf3 Nc6 3. Bb5 a6 4. Ba4 Nge7 5. c3 g6 6. d4 exd4 7. cxd4 b5 8. Bc2 Bg7 9. O-O O-O 10. d5 Na5 11. Nc3 d6 12. Rb1 c5 13. dxc6 Naxc6 14. Bg5 h6 15. Bh4 Bg4 16. h3 Bxf3 17. Qxf3 Nd4 18. Qd1 Qd7 19. Bb3 Kh8 20. Nd5 Nxd5 21. Bxd5 Rac8 22. f3 f5 23. Bf2 Ne6 24. Qd2 fxe4 25. Bxe4 Nf4 26. Be3 g5 27. Rbd1 Be5 28. Bd4 Qg7 29. Bxe5 dxe5 30. Qd6 h5 31. Qxa6 g4 32. hxg4 hxg4 33. Rd6 Qg5 34. Rh6+ Kg8 35. Kh1 gxf3 36. g3 Qxg3 37. Rh8+ Kf7 38. Qb7+ Kf6 39. Rh6+ 1-0

[Event "O2C Doeberl Cup 2019"]
[Site "Canberra"]
[Date "2019.04.20"]
[Round "6.3"]
[White "Bjelobrk, Igor"]
[Black "Song, Raymond"]
[Result "1/2-1/2"]
[ECO "E11"]
[WhiteElo "2386"]
[BlackElo "2329"]
[Annotator "NA"]
[PlyCount "125"]
[EventDate "2019.04.17"]
[EventType "swiss"]
[EventCountry "AUS"]
[SourceTitle "playchess.com"]
[Source "ChessBase"]
[SourceQuality "1"]
[TimeControl "5400+30"]

1. d4 Nf6 2. c4 e6 3. g3 d5 4. Nf3 Bb4+ 5. Bd2 Be7 6. Bg2 O-O 7. O-O Nbd7 8. Qc2 {[%emt 0:00:06] E11: Bogo-Indian} Ne4 (8... c6 9. Bf4 b6 10. cxd5 cxd5 11. Rc1 Bb7 12. Bc7 Qe8 13. Qb3 Nb8 14. a4 Ne4 15. Nc3 Nxc3 16. Rxc3 Na6 17. Bf4 Bb4 18. Rc2 Qe7 19. Rac1 Rac8 20. Ne5 Rxc2 21. Qxc2 {½-½ (48) Ding,L (2812)-Karjakin,S (2753) Astana 2019}) 9. Nc3 Nxd2 10. Nxd2 c6 11. Rfd1 Rb8 12. a4 $146 ({Predecessor:} 12. e4 dxe4 13. Ndxe4 f5 14. Nd2 e5 15. d5 Qc7 16. a3 e4 17. b4 Nf6 18. dxc6 bxc6 {½-½ (58) Vasquez Schroder,R (2554)-Peralta,F (2559) Barcelona 2018}) 12... a5 13. e3 f5 14. f4 Nf6 15. Nf3 Bd7 16. Ne5 Bd6 17. Rac1 Qe7 18. Rb1 Ne4 19. Rdc1 Be8 20. Qe2 Kh8 21. Nxe4 dxe4 22. c5 Bxe5 23. dxe5 g5 24. b4 axb4 25. Rxb4 gxf4 26. exf4 Rd8 27. Bf1 Rg8 28. Qe3 Bh5 29. Rcb1 Rd7 30. a5 Bf3 31. a6 bxa6 32. Bxa6 Qd8 $15 33. Rb6 ({Better is} 33. Be2 $15) 33... Rd1+ 34. Bf1 Qd2 35. Qxd2 Rxd2 36. Rxc6 e3 37. Rd6 Rc8 38. Re1 Rxc5 39. Rxe3 Bd5 40. Re2 Rxe2 41. Bxe2 Rc2 42. Kf1 Kg7 43. Ke1 Rb2 44. h4 Rb3 45. Kf2 Rb2 46. Ke3 Rb3+ 47. Bd3 Kf7 48. Kd4 Ke7 49. Rxd5 exd5 50. Bxf5 Rxg3 51. Kxd5 h6 52. h5 Rg1 53. Bd3 Rd1 54. Ke4 Rh1 55. f5 Rh4+ 56. Kd5 Rf4 57. Be4 Kf7 58. Kd4 Rh4 59. Ke3 Rxh5 60. Bd5+ Kf8 61. Kf4 Rh4+ 62. Kf3 Rd4 63. Be6 1/2-1/2